 Dungeon Crawl Stone Soup version 0.29-a0-352-g0917bc69df (webtiles) character file.

Game seed: 14624039837590566333

79904 jlumianski the Cleaver (level 15, -1/117 HPs)
             Began as a Demonspawn Fighter on Apr 23, 2022.
             Was a High Priest of Qazlal.
             Slain by a chaos spawn (7 damage)
             ... summoned by an orc sorcerer
             ... while paralysed by an orc sorcerer
             ... on level 2 of the Orcish Mines.
             The game lasted 01:33:08 (22609 turns).

jlumianski the Cleaver (Demonspawn Fighter)        Turns: 22609, Time: 01:33:09

Health: -1/117     AC: 25    Str: 25    XL:     15   Next: 22%
Magic:  17/24      EV:  2    Int: 12    God:    Qazlal [*****.]
Gold:   2346       SH:  0    Dex: 14    Spells: 14/14 levels left

rFire   + . .      SeeInvis .   P - +9 broad axe "Maylops" {flame, rElec rF+ Dex+2}
rCold   + . .      Faith    .   W - +4 kite shield {AC+3}
rNeg    . . .      Spirit   .   C - +0 crystal plate armour {rC+}
rPois   .          Reflect  +   (helmet restricted)
rElec   +          Harm     .   v - +0 cloak
rCorr   +          Rampage  +   r - +2 pair of gloves
Will    +....                   z - +2 pair of boots {rampage}
Stlth   ..........              F - amulet of reflection
HPRegen 0.29/turn               (no ring)
MPRegen 0.19/turn               e - ring of Koem {Wiz Drain rCorr Str+3 Slay+5}

@: paralysed, protected from electricity, corroded, repel missiles
A: horns 2, ignite blood 2, spiny 2, sturdy frame 2
a: Renounce Religion, Upheaval, Elemental Force, Disaster Area


You were on level 2 of the Orcish Mines.
You worshipped Qazlal.
Qazlal was extremely pleased with you.
You visited 4 branches of the dungeon, and saw 19 of its levels.
You also visited: Ossuary, Gauntlet, Ice Cave and Volcano.

You collected 2582 gold pieces.
You spent 236 gold pieces at shops.

Inventory:

Hand Weapons
 g - the +10 fustibalus "Utimop" {freeze, rElec Dex+6}
   (You found it on level 14 of the Dungeon)

   Any ammunition fired from it freezes those it strikes, dealing additional
   cold damage.
   It can also slow down cold-blooded creatures.
   Dex:       It affects your dexterity (+6).
   rElec:     It insulates you from electricity.
 y - a +2 lajatang of flaming
 P - the +9 broad axe "Maylops" (weapon) {flame, rElec rF+ Dex+2}
   (You acquired it in an ice cave)

   It burns those it strikes, dealing additional fire damage.
   Big, fiery blades are also staple armaments of hydra-hunters.
   Dex:       It affects your dexterity (+2).
   rF:        It protects you from fire.
   rElec:     It insulates you from electricity.
 T - the +3 long sword "Xaerch" {drain, rF+++ rC- rCorr SInv}
   (You found it on level 12 of the Dungeon)

   A truly terrible weapon, it drains the life of any living foe it strikes.
   rF:        It renders you almost immune to fire.
   rC:        It makes you vulnerable to cold.
   SInv:      It lets you see invisible.
   rCorr:     It protects you from acid and corrosion.
Missiles
 c - 2 throwing nets
 j - 7 atropa-tipped darts
 N - 11 boomerangs (quivered)
Armour
 i - an orb of guile
 p - a +2 plate armour of fire resistance
 r - a +2 pair of gloves (worn)
 v - a +0 cloak (worn)
 z - a +2 pair of boots of rampaging (worn)
 C - a +0 crystal plate armour of cold resistance (worn)
 W - a +4 kite shield of protection (worn)
Jewellery
 e - the ring of Koem (right hand) {Wiz Drain rCorr Str+3 Slay+5}
   (You found it in a Gauntlet)

   [ring of wizardry]

   It improves your spell success rate.
   Str:       It affects your strength (+3).
   Slay:      It affects your accuracy & damage with ranged weapons and melee
   (+5).
   rCorr:     It protects you from acid and corrosion.
   Drain:     It drains your maximum health when unequipped.
 f - a +4 ring of evasion
 s - a +4 ring of evasion
 t - a ring of poison resistance
 D - a ring of protection from fire
 F - an amulet of reflection (around neck)
 J - a ring of protection from cold
 L - a ring of positive energy
Wands
 a - a wand of iceblast (6)
 d - a wand of digging (16)
 q - a wand of mindburst (5)
 x - a wand of polymorph (4)
 G - a wand of charming (3)
 H - a wand of flame (48)
 I - a wand of acid (12)
Scrolls
 b - a scroll of summoning
 h - 4 scrolls of identify
 n - 8 scrolls of teleportation
 u - 2 scrolls of magic mapping
 w - 4 scrolls of fear
 K - 9 scrolls of blinking
 O - 3 scrolls of fog
Potions
 k - 4 potions of cancellation
 l - 10 potions of curing
 m - 10 potions of heal wounds
 o - a potion of brilliance
 A - a potion of berserk rage
 E - 4 potions of invisibility
 M - 2 potions of haste
 S - 2 potions of might
 V - 4 potions of resistance


   Skills:
 + Level 10.5 Fighting
 + Level 14.5 Axes
 + Level 0.6(9.4) Polearms
 + Level 1.1(1.7) Slings
 + Level 2.0(2.1) Throwing
 + Level 7.1 Armour
 + Level 5.5 Dodging
 - Level 2.1 Stealth
 + Level 10.3 Shields
 * Level 13.2 Invocations
 * Level 10.3 Evocations


You had 14 spell levels left.
You didn't know any spells.
Your spell library contained the following spells:

 Spells                   Type           Power      Damage    Failure   Level
 Apportation              Tloc           0%         N/A       99%         1
 Foxfire                  Conj/Fire      0%         2x1d4     99%         1
 Shock                    Conj/Air       0%         1d3       99%         1
 Blink                    Tloc           0%         N/A       99%         2
 Static Discharge         Conj/Air       0%         N/A       99%         2
 Sublimation of Blood     Necr           0%         N/A       99%         2
 Call Canine Familiar     Summ           0%         N/A       100%        3
 Confusing Touch          Hex            0%         N/A       100%        3
 Conjure Flame            Conj/Fire      0%         6-21      100%        3
 Dazzling Flash           Conj/Hex       0%         N/A       100%        3
 Inner Flame              Hex/Fire       0%         N/A       100%        3
 Lesser Beckoning         Tloc           0%         N/A       100%        3
 Portal Projectile        Hex/Tloc       0%         N/A       100%        3
 Swiftness                Air            0%         N/A       100%        3
 Airstrike                Air            0%         N/A       100%        4
 Flame Wave               Conj/Fire      0%         2d4       100%        4
 Hailstorm                Conj/Ice       0%         3d3       100%        4
 Leda's Liquefaction      Hex/Erth       0%         N/A       100%        4
 Petrify                  Tmut/Erth      0%         N/A       100%        4
 Fireball                 Conj/Fire      0%         3d3       100%        5
 Irradiate                Conj/Tmut      0%         3d13      100%        5
 Lightning Bolt           Conj/Air       0%         1d11      100%        5
 Manifold Assault         Tloc           0%         N/A       100%        5
 Yara's Violent Unravell  Hex/Tmut       0%         3d3       100%        5
 Enfeeble                 Hex            0%         N/A       100%        7
 Maxwell's Capacitive Co  Air            0%         ∞         100%        8


Dungeon Overview and Level Annotations

Branches:
Dungeon (15/15)            Temple (1/1) D:4            Lair (1/6) D:8
    Orc (2/2) D:10            Elf (0/3) Orc:2        Vaults (0/5) D:14
 Depths (0/4) D:15        Ossuary (visited)           IceCv (visited)
Volcano (visited)         Gauntlet (visited)

Altars:
Ashenzari
Cheibriados
Dithmenos
Elyvilon
Fedhas
Gozag
Hepliaklqana
Kikubaaqudgha
Makhleb
Nemelex Xobeh
Okawaru
Qazlal
Ru
Sif Muna
Trog
Uskayaw
Vehumet
Wu Jian
Xom
Yredelemnul
Zin
The Shining One
Beogh

Shops:
D:10 [

Annotations:
D:9 1 runed translucent door, deadleaves's ghost, journeyman DjIE


Innate Abilities, Weirdness & Mutations

You have a pair of horns on your head.
Your demonic aura often causes spilled blood to erupt in flames.
You are mostly covered in sharp spines.
Your movements are less encumbered by armour. (ER -4)


Message History

The sixfirhy shocks you. You resist. You block the sixfirhy's attack.
You see here a +0 short sword.
The orc sorcerer casts a spell.
You see here a +0 dagger.
You block the sixfirhy's attack. x3
The orc high priest mumbles some strange prayers to Beogh against you.
Beogh smites you! The sixfirhy is struck by your spines.
The sixfirhy hits you but does no damage.
The ynoxinul gestures.
The sixfirhy attacks as you move away! The sixfirhy barely misses you.
The orc sorcerer casts a spell.
The sixfirhy attacks as you move away! You block the sixfirhy's attack. x3
The sixfirhy is struck by your spines. The sixfirhy hits you!
The sixfirhy shocks you. You resist.
You feel protected from electricity.
The sixfirhy hits you but does no damage.
The sixfirhy attacks as you move away! You block the sixfirhy's attack.
The orc high priest invokes the aid of Beogh against you.
Pain shoots through your body!
* * * LOW HITPOINT WARNING * * *
The orc sorcerer casts a spell at you.
You suddenly lose the ability to move!
The sixfirhy hits you!
* * * LOW HITPOINT WARNING * * *
The sixfirhy shocks you. You resist.
* * * LOW HITPOINT WARNING * * *
The sixfirhy disappears in a puff of smoke!
The orc high priest mumbles some strange prayers to Beogh against you.
Beogh smites you!
* * * LOW HITPOINT WARNING * * *
The orc sorcerer casts a spell.
The ufetubus is struck by your spines.
You kill the ufetubus!
The ufetubus disappears in a puff of smoke!
The orc high priest calls upon Beogh to heal the orc high priest.
The orc high priest is healed somewhat.
The ynoxinul disappears in a puff of smoke!
The chaos spawn is struck by your spines.
The chaos spawn hits you!
You die...

...........#....#..# #....÷#
............##....## .......###
.................## .....[...#
.............[...# .÷...).).##
...#..........[..# ...§.553).##
..###.......[)[..## ..÷.54)o)).#
..###.....[<[[○.○.# .÷...÷.#.).#
...#......)[))☼..o####..÷53o##§..
...##.#.<..[..§.@°...####..###.4.
.................4......#####....
....#..†......○°.[[.o.#####.....#
....^.............#4o..§)).4...##
.#..........#........3........##
............##.#....#45.....###
.#...........##....##......##
.#............##.#####...###
.#..#........##### #...#


You could see 2 orc high priests, 2 hellwings, a ynoxinul (summoned), a chaos
spawn (summoned), an orc sorcerer and an ufetubus (summoned).

Vanquished Creatures
  A frost giant (IceCv)
  Louise (D:15)
  A very ugly thing (D:14)
  A dire elephant (D:15)
  A minotaur (Gauntlet)
  2 fire dragons
  Josephine (D:15)
  8 hydras
  A great orb of eyes (shapeshifter) (D:14)
  A rakshasa (D:14)
  Fannar (D:10)
  6 boulder beetles
  2 ogre magi (D:13)
  5 centaur warriors
  A catoblepas (D:15)
  9 two-headed ogres
  6 death yaks (IceCv)
  2 tengu warriors
  A death drake (shapeshifter) (D:14)
  Pikel (D:7)
  4 lindwurms (Volcano)
  The ghost of Antichthon the Cleaver, a novice NaWr (D:6)
  7 orc knights
  The ghost of MeatMancer the Zephyrmancer, a novice TeAE of Zin (D:8)
  2 orc sorcerers (Orc:2)
  A wolf spider (D:14)
  4 deep elf pyromancers (D:14)
  7 cyclopes
  4 ugly things
  2 large abominations (Gauntlet)
  2 moths of wrath
  The ghost of spaghetti the Sneak, a novice OpCj of Okawaru (D:7)
  3 manticores
  An ice statue (IceCv)
  A naga mage (D:15)
  A minotaur zombie (Gauntlet)
  An eye of devastation (shapeshifter) (D:14)
  A komodo dragon (D:11)
  An unseen horror (D:11)
  A freezing wraith (D:13)
  A rime drake (IceCv)
  4 kobold demonologists
  2 yaktaurs
  2 efreet (D:14)
  2 tengu conjurers (D:14)
  3 trolls
  A queen bee (D:12)
  11 polar bears (IceCv)
  3 meliai (D:12)
  A blink frog (shapeshifter) (D:14)
  14 slime creatures
  Prince Ribbit (D:7)
  A shadow (D:11)
  A ynoxinul (Gauntlet)
  6 wraiths
  30 yaks
  A culicivora (shapeshifter) (D:10)
  2 wyverns
  2 basilisks
  A yak (shapeshifter) (D:12)
  2 steam dragons (Volcano)
  A hog (shapeshifter) (D:13)
  7 vampire mosquitoes
  7 wargs
  5 small abominations (Gauntlet)
  An acid dragon (D:10)
  A water moccasin (D:7)
  22 orc warriors
  A swamp drake (Lair:1)
  4 hell hounds (Volcano)
  2 sky beasts (D:7)
  2 black bears
  11 ogres
  17 wolves
  5 centaurs
  A phantom (D:5)
  12 kobold brigands
  2 bullfrogs
  A gnoll sergeant (D:7)
  A necrophage (D:4)
  4 scorpions
  18 wights
  24 killer bees
  6 howler monkeys
  4 crimson imps (D:7)
  3 centaur zombies
  2 human zombies (Ossuary)
  17 orc priests
  A gnoll shaman (D:8)
  3 iron imps (Gauntlet)
  7 iguanas
  19 orc wizards
  3 hound zombies
  3 mummies (Ossuary)
  4 gnolls (D:8)
  5 adders
  12 white imps (Lair:1)
  An ufetubus (D:6)
  7 adder zombies
  2 dart slugs
  72 orcs
  5 ball pythons
  6 endoplasms
  A giant cockroach (D:1)
  4 goblins
  4 hobgoblins
  5 jackals
  3 quokkas
  3 bats (D:2)
  2 frilled lizards
  4 goblin zombies (Ossuary)
  5 hobgoblin zombies (Ossuary)
  2 jackal zombies (Ossuary)
  19 kobolds
  4 kobold zombies (Ossuary)
  3 orc zombies (Ossuary)
  4 quokka zombies (Ossuary)
  2 rats (D:2)
  3 rat zombies (Ossuary)
588 creatures vanquished.

Vanquished Creatures (collateral kills)
  An orc high priest (Orc:2)
  An orc knight (Orc:2)
  A warg (Orc:2)
  An orc warrior (Orc:2)
  A killer bee (D:8)
  2 orc priests (Orc:2)
  An orc wizard (Orc:2)
  2 orcs (Orc:2)
10 creatures vanquished.

Vanquished Creatures (others)
  A wizard (D:9)
  A kobold brigand (Orc:1)
  An orc (Orc:2)
  A kobold (D:13)
  4 demonic plants (Gauntlet)
  2 plants (Lair:1)
10 creatures vanquished.

Grand Total: 608 creatures vanquished

Notes
Turn   | Place    | Note
-------+----------+-------------------------------------------
     0 | D:1      | jlumianski the Demonspawn Fighter began the quest for the
                  | Orb.
     0 | D:1      | Reached XP level 1. HP: 18/18 MP: 1/1
   183 | D:1      | Gained mutation: Your movements are slightly less
                  | encumbered by armour. (ER -2) [demonic ancestry]
   183 | D:1      | Reached XP level 2. HP: 21/24 MP: 2/2
   224 | D:1      | Found a faded altar of an unknown god.
   312 | D:1      | Got Plato's Collected Works on the Voyage
   437 | D:1      | Reached skill level 2 in Axes
   874 | D:2      | Gained mutation: You have a pair of small horns on your
                  | head. [demonic ancestry]
   874 | D:2      | Reached XP level 3. HP: 27/29 MP: 3/3
   906 | D:3      | Found an ornate altar of the Wu Jian Council.
  1846 | D:4      | Noticed a black bear
  2000 | D:4      | Found a staircase to the Ecumenical Temple.
  2010 | Temple   | Entered the Ecumenical Temple
  2064 | Temple   | Became a worshipper of Qazlal Stormbringer
  2076 | D:4      | Noticed a scorpion
  2084 | D:4      | Killed a scorpion
  2085 | D:4      | Reached skill level 3 in Axes
  2085 | D:4      | Reached skill level 1 in Dodging
  2085 | D:4      | Gained mutation: Your movements are less encumbered by
                  | armour. (ER -4) [demonic ancestry]
  2085 | D:4      | Reached XP level 4. HP: 35/35 MP: 4/4
  2093 | D:4      | Noticed a necrophage
  2106 | D:4      | Killed a necrophage
  2107 | D:4      | Gained mutation: Your demonic aura sometimes causes spilled
                  | blood to erupt in flames. [demonic ancestry]
  2107 | D:4      | Reached XP level 5. HP: 29/41 MP: 5/5
  2335 | D:3      | Found a shadowy altar of Dithmenos.
  2892 | D:4      | Reached XP level 6. HP: 43/47 MP: 6/6
  2950 | D:4      | Found a basalt altar of Yredelemnul.
  3011 | D:4      | Found a hide-covered altar of Uskayaw.
  3122 | D:4      | Reached skill level 4 in Axes
  3122 | D:4      | Reached skill level 1 in Throwing
  3296 | D:5      | Entered Level 5 of the Dungeon
  3527 | D:6      | Found a sand-covered staircase.
  3536 | Ossuary  | Entered an ossuary
  3567 | Ossuary  | Reached * piety under Qazlal
  3589 | Ossuary  | Reached XP level 7. HP: 50/53 MP: 7/7
  3748 | Ossuary  | Reached skill level 5 in Axes
  3748 | Ossuary  | Reached skill level 1 in Stealth
  3912 | Ossuary  | Reached ** piety under Qazlal
  4434 | D:5      | Reached skill level 6 in Axes
  4556 | D:5      | Noticed a yak
  4557 | D:5      | Noticed a yak
  4557 | D:5      | Noticed a yak
  4581 | D:4      | Gained mutation: You are partially covered in sharp spines.
                  | [demonic ancestry]
  4581 | D:4      | Reached XP level 8. HP: 21/61 MP: 8/8
  4960 | D:4      | Reached skill level 7 in Axes
  5616 | D:5      | Reached skill level 1 in Invocations
  5825 | D:6      | Reached skill level 1 in Evocations
  6018 | D:6      | Reached skill level 5 in Fighting
  6018 | D:6      | Gained mutation: You have a pair of horns on your head.
                  | [demonic ancestry]
  6018 | D:6      | Reached XP level 9. HP: 68/68 MP: 10/10
  6202 | D:6      | Found a runed translucent door.
  6204 | D:6      | Noticed Antichthon's ghost (novice NaWr)
  6568 | D:6      | Killed Antichthon's ghost
  6569 | D:6      | Reached skill level 8 in Axes
  6726 | D:7      | Reached skill level 5 in Shields
  6732 | D:7      | Noticed Pikel
  6743 | D:7      | Killed Pikel
  6751 | D:7      | Found a transporter.
  6760 | D:7      | Found a transporter.
  7102 | D:7      | Noticed Prince Ribbit
  7115 | D:7      | Killed Prince Ribbit
  7190 | D:7      | Noticed a moth of wrath
  7195 | D:7      | Noticed a troll
  7196 | D:7      | Found a bloodstained altar of Trog.
  7196 | D:7      | Noticed spaghetti's ghost (novice OpCj)
  7411 | D:7      | Gained mutation: You are mostly covered in sharp spines.
                  | [demonic ancestry]
  7411 | D:7      | Reached XP level 10. HP: 68/76 MP: 13/13
  7463 | D:7      | Found a shimmering altar of Xom.
  7472 | D:7      | Reached *** piety under Qazlal
  8262 | D:7      | Killed spaghetti's ghost
  8263 | D:7      | Reached skill level 9 in Axes
  8263 | D:7      | Reached skill level 5 in Invocations
  8393 | D:7      | Killed a moth of wrath
  8765 | D:7      | Identified the +1 scale mail of Shielding {Int-4 Dex+4}
  8965 | D:8      | Found a radiant altar of Vehumet.
  8986 | D:8      | Noticed a centaur warrior
  8994 | D:8      | Killed a centaur warrior
  9727 | D:8      | Reached **** piety under Qazlal
  9805 | D:8      | Found a staircase to the Lair.
  9967 | D:8      | Found a shimmering blue altar of Sif Muna.
 10174 | D:8      | Found a runed translucent gate.
 10174 | D:8      | Found a runed translucent gate.
 10174 | D:8      | Found a runed translucent gate.
 10174 | D:8      | Noticed MeatMancer's ghost (novice TeAE)
 10185 | D:8      | Killed MeatMancer's ghost
 10186 | D:8      | Reached XP level 11. HP: 56/84 MP: 15/15
 10490 | D:9      | Noticed a two-headed ogre
 10517 | D:8      | Killed a two-headed ogre
 10659 | D:9      | Found a runed translucent door.
 10660 | D:9      | Noticed deadleaves's ghost (journeyman DjIE)
 10881 | D:9      | Found a bloodstained altar of Trog.
 10882 | D:9      | Noticed a wizard
 10888 | D:9      | Killed a wizard
 11055 | D:10     | Entered Level 10 of the Dungeon
 11072 | D:10     | Reached skill level 5 in Evocations
 11074 | D:10     | Reached skill level 5 in Dodging
 11132 | D:10     | Reached skill level 10 in Axes
 11248 | D:10     | Found a staircase to the Orcish Mines.
 11301 | D:10     | Noticed a two-headed ogre
 11302 | D:10     | Identified the +5 long sword "Hulotto" {freeze, rPois rN+
                  | Will+ Int+3}
 11307 | D:10     | Killed a two-headed ogre
 11317 | D:10     | Noticed a two-headed ogre
 11327 | D:10     | Killed a two-headed ogre
 11375 | D:10     | Noticed Fannar
 11390 | D:10     | Killed Fannar
 11391 | D:10     | Reached skill level 5 in Armour
 11623 | D:10     | Found Ufeary Sayc's Armour Boutique.
 11770 | D:10     | Bought a +2 pair of boots of rampaging for 236 gold pieces
 12153 | D:11     | Noticed a two-headed ogre
 12163 | D:11     | Killed a two-headed ogre
 12678 | D:12     | Found a gate leading to a gauntlet.
 12689 | D:12     | Identified the +3 long sword "Xaerch" {drain, rF+++ rC-
                  | rCorr SInv}
 12710 | Gauntlet | Entered a Gauntlet
 12710 | Gauntlet | Found a transporter.
 12710 | Gauntlet | Found a runed translucent gate.
 12710 | Gauntlet | Found a transporter.
 12711 | Gauntlet | Noticed a necromancer
 12713 | Gauntlet | Found a runed translucent gate.
 12714 | Gauntlet | Found a transporter.
 12714 | Gauntlet | Found a transporter.
 12715 | Gauntlet | Found a runed translucent gate.
 12718 | Gauntlet | Found a transporter.
 12718 | Gauntlet | Found a transporter.
 12758 | Gauntlet | Found a transporter.
 12762 | Gauntlet | Found a transporter.
 12770 | Gauntlet | Found a transporter.
 12787 | Gauntlet | Found a transporter.
 12791 | Gauntlet | Noticed a blizzard demon
 12806 | Gauntlet | Found a transporter.
 12806 | Gauntlet | Found a transporter.
 12810 | Gauntlet | Found a runed translucent door.
 12810 | Gauntlet | Found a runed translucent door.
 12879 | Gauntlet | Got Vehumet's Tome of Conjuration
 13183 | Gauntlet | Reached skill level 11 in Axes
 13184 | Gauntlet | Reached XP level 12. HP: 76/92 MP: 18/18
 13204 | Gauntlet | Identified the ring of Koem {Wiz Drain rCorr Str+3 Slay+5}
 13595 | Gauntlet | Noticed a minotaur
 13608 | Gauntlet | Killed a minotaur
 14119 | Lair:1   | Entered Level 1 of the Lair of Beasts
 14272 | Lair:1   | Found a frozen archway.
 14290 | IceCv    | Entered an ice cave
 14326 | IceCv    | Reached ***** piety under Qazlal
 14752 | IceCv    | Noticed a death yak
 14752 | IceCv    | Noticed a frost giant
 14765 | IceCv    | Killed a frost giant
 14864 | IceCv    | Noticed a death yak
 14865 | IceCv    | Reached skill level 12 in Axes
 14865 | IceCv    | Noticed a death yak
 14891 | IceCv    | Killed a death yak
 14892 | IceCv    | Reached skill level 10 in Invocations
 14898 | IceCv    | Killed a death yak
 15015 | IceCv    | Noticed a death yak
 15033 | IceCv    | Killed a death yak
 15035 | IceCv    | Killed a death yak
 15036 | IceCv    | Gained mutation: Your demonic aura often causes spilled
                  | blood to erupt in flames. [demonic ancestry]
 15036 | IceCv    | Reached XP level 13. HP: 79/99 MP: 20/20
 15239 | IceCv    | Identified a scroll of acquirement
 15240 | IceCv    | Acquired the +9 broad axe "Maylops" {flame, rElec rF+
                  | Dex+2}
 17874 | D:14     | Reached skill level 13 in Axes
 17885 | D:13     | Reached ****** piety under Qazlal
 17989 | D:14     | Reached XP level 14. HP: 68/108 MP: 22/22
 18782 | D:14     | Found a sparkling altar of Nemelex Xobeh.
 18848 | D:14     | Identified the +10 fustibalus "Utimop" {freeze, rElec
                  | Dex+6}
 19283 | D:14     | Found a gate to the Vaults.
 19610 | D:13     | Noticed a brown very ugly thing
 19701 | D:14     | Killed a brown very ugly thing
 19764 | D:13     | Reached skill level 10 in Fighting
 20059 | D:15     | Entered Level 15 of the Dungeon
 20061 | D:15     | Noticed Josephine
 20079 | D:14     | Reached skill level 1 in Slings
 20087 | D:15     | Killed Josephine
 20208 | D:15     | Reached skill level 14 in Axes
 20271 | D:15     | Found a staircase to the Depths.
 20321 | D:15     | Noticed Louise
 20341 | D:15     | Killed Louise
 20422 | D:15     | Reached skill level 10 in Shields
 20796 | Orc:1    | Entered Level 1 of the Orcish Mines
 20816 | Orc:1    | Found a dark tunnel.
 20827 | Volcano  | Entered a volcano
 20874 | Volcano  | Reached skill level 10 in Evocations
 21021 | Volcano  | Reached XP level 15. HP: 111/116 MP: 24/24
 21537 | Orc:2    | Entered Level 2 of the Orcish Mines
 21928 | Orc:2    | Found a bloodstained altar of Trog.
 22422 | Orc:2    | Found a staircase to the Elven Halls.
 22605 | Orc:2    | Paralysed by an orc sorcerer for 6 turns
 22609 | Orc:2    | Slain by a chaos spawn

Illustrated notes

Levels and vault maps discovered:
D:1:      evilmike_arrival_rings, layout_rooms,
          shapermc_ecumenical_altar_rom_forum, nrook_mini_vaults
D:2:      layout_loops_corners
D:3:      layout_loops_cross, amcnicky_altar_gilded,
          nicolae_dithmenos_shadow_blocks, grunt_decor_clamped
D:4:      layout_cave_pools, nicolae_yredelemnul_corpse_copse,
          mainiacjoe_overflow_surrounded_room, minmay_temple_entry_mini_moons,
          grunt_decor_fettered, kennysheep_generic_room_7
D:5:      layout_layer_cave, elyvilon_altar_5, st_stairs_8, lemuel_flame_loot_1
D:6:      layout_gridville, enter_ossuary_1, gammafunk_ghost_grave
D:7:      layout_basic, led_xom_imps, gammafunk_ghost_wrathful_warriors,
          chequers_serial_rivers_small_3, uniq_pikel, uniq_prince_ribbit1
D:8:      layout_loops_corners, general_overflow_altar, vehumet_crystals,
          erik_lair_orcish_takeover, ebering_ghost_rock_garden
D:9:      layout_roguey, trog_wizard, gammafunk_ghost_grave
D:10:     layout_cross, minmay_orc_entry_temple_small, serial_shops,
          nicolae_inconvenience_store, uniq_fannar
D:11:     layout_small_grid, corexii_leaking_fountain
D:12:     layout_loops_ring, gauntlet_entry_generic, special_room
          [special_room_bee], hangedman_decor_diamond_cutter
D:13:     hangedman_arrow_trap, layout_irregular_city
D:14:     minmay_the_grid_3x3 [minmay_the_grid_zigzag_pyramid,
          minmay_the_grid_small_cups, minmay_the_grid_eight,
          minmay_the_grid_box_x, minmay_the_grid_tiny_cups,
          minmay_the_grid_minigrid_medium, minmay_the_grid_fan,
          minmay_the_grid_dragon_a, minmay_the_grid_prize_big_room],
          layout_long_grid, nemelex_xobeh_ov_fountains_minmay,
          hangedman_abyss_or_decor_clamps, dreamdust_wishing_well,
          minmay_strange_pillars
D:15:     hangedman_depths_entry_try_elsewhere_first, layout_basic,
          serial_park_square1 [serial_park_minivault_5x5_8], uniq_louise,
          uniq_josephine
Temple:   cyrus_circular_temple
Lair:1:   gammafunk_worm_tunnel, layout_big_grid, portal_ice_cave_entry_imps,
          ebering_ghost_funeral_grove, hibernation_bobbens
Orc:1:    layout_diamond_mine, nicolae_volcano_entry_lava_flow, special_room
          [special_room_kobold]
Orc:2:    grunt_orc_tribal_feast, layout_caves, basic_altar

Skill      XL: |  1  2  3  4  5  6  7  8  9 10 11 12 13 14 15 |
---------------+----------------------------------------------+-----
Armour         | 3 4 5 6 7 |  7.1
Axes           | 2 3 4 6 7 8 9 11 12 13 14 | 14.5
Dodging        | 1 2 3 4 5 |  5.5
Shields        | 3 4 5 6 8 9 10 | 10.3
Throwing       | 1 2 |  2.0
Fighting       | 4 5 7 8 9 10 | 10.5
Stealth        | 1 2 |  2.1
Invocations    | 1 4 6 8 10 11 12 13 | 13.2
Evocations     | 1 3 4 6 7 8 10 | 10.3
Slings         | 1 |  1.1
Polearms       | |  0.6

Action                   |  1- 3 |  4- 6 |  7- 9 | 10-12 | 13-15 || total
-------------------------+-------+-------+-------+-------+-------++-------
Melee: War axe           |    73 |   102 |   246 |    53 |       ||   474
       Headbutt          |     1 |    19 |    55 |    88 |   115 ||   278
       Broad axe         |       |       |       |   357 |   426 ||   783
       Demon trident     |       |       |       |       |     2 ||     2
 Fire: Hunting sling     |       |     5 |       |       |       ||     5
       Fustibalus        |       |       |       |       |     1 ||     1
Throw: Stone             |     3 |     3 |     5 |     2 |       ||    13
       Dart              |     4 |       |       |       |       ||     4
       Boomerang         |       |       |       |     8 |       ||     8
Invok: Upheaval          |       |       |       |     2 |     4 ||     6
       Elemental Force   |       |       |       |       |     5 ||     5
Evoke: Wand              |       |       |       |     1 |     1 ||     2
  Use: Scroll            |     2 |     4 |    11 |    10 |     7 ||    34
       Potion            |     1 |     2 |     2 |     1 |     1 ||     7
 Stab: Paralysed         |       |       |       |       |     6 ||     6
Armor: Scale mail        |    27 |     4 |       |       |       ||    31
       Ring mail         |       |    32 |    50 |     5 |       ||    87
       Chain mail        |       |       |       |    30 |       ||    30
       Storm dragon scal |       |       |       |    42 |       ||    42
       Crystal plate arm |       |       |       |       |   167 ||   167
Dodge: Dodged            |    68 |    89 |   197 |   178 |    84 ||   616
       Repelled          |       |       |       |     5 |     1 ||     6
Block: Buckler           |    25 |    32 |   122 |   117 |   159 ||   455
       Kite shield       |       |       |       |   285 |   377 ||   662
       Reflection        |       |       |       |     7 |    27 ||    34

Table legend: (Time is in decaauts)
 A = Elapsed time spent in this place.
 B = Non-inter-level travel time spent in this place.
 C = Inter-level travel time spent in this place.
 D = Time resting spent in this place.
 E = Time spent auto-exploring this place.
 F = Levels seen in this place.
 G = Mean time per level.
                   A        B        C        D        E       F      G
               +--------+--------+--------+--------+--------+-----+--------+
         Total |  22893 |  21690 |   1203 |   2998 |  11629 |  23 |  995.3 |
       Dungeon |  17838 |  16687 |   1151 |   1784 |  10087 |  15 | 1189.2 |
        Temple |     60 |     60 |      0 |      0 |      0 |   1 |   60.0 |
          Lair |    205 |    204 |      1 |      0 |      0 |   1 |  205.0 |
  Orcish Mines |   1527 |   1477 |     50 |    217 |    776 |   2 |  763.5 |
       Ossuary |    471 |    471 |      0 |      0 |      5 |   1 |  471.0 |
      Ice Cave |   1180 |   1180 |      0 |    111 |    621 |   1 | 1180.0 |
       Volcano |    290 |    290 |      0 |      0 |    140 |   1 |  290.0 |
      Gauntlet |   1318 |   1318 |      0 |    886 |      0 |   1 | 1318.0 |
               +--------+--------+--------+--------+--------+-----+--------+

Top non-repeatable levels by time:
     D:7: 2116 daAuts
     D:8: 1854 daAuts
    D:12: 1592 daAuts
     D:5: 1580 daAuts
    D:13: 1566 daAuts
     D:4: 1325 daAuts
    D:14: 1325 daAuts
Gauntlet: 1318 daAuts
   IceCv: 1180 daAuts
    D:10: 1140 daAuts
     D:6: 1122 daAuts
   Orc:1: 1012 daAuts
     D:2: 988 daAuts
     D:3: 821 daAuts
    D:11: 715 daAuts
